 Dungeon Crawl Stone Soup version 0.28.0-43-g3370ac3207 (webtiles) character file.

Game seed: 16021677466300372655

4687 0gre the Destroyer (level 10, 0/74 HPs)
             Began as a Gnoll Conjurer on Mar 10, 2022.
             Was a Follower of Vehumet.
             Succumbed to WindUpCitrus's ghost's poison
             ... on level 8 of the Dungeon.
             The game lasted 01:01:43 (11104 turns).

0gre the Destroyer (Gnoll Conjurer)                Turns: 11104, Time: 01:01:44

Health: 0/74       AC:  8    Str:  8    XL:     10   Next: 44%
Magic:  6/21       EV: 14    Int: 21    God:    Vehumet [*.....]
Gold:   513        SH:  0    Dex: 10    Spells: 16/23 levels left

rFire   + + .      SeeInvis .   d - +0 scimitar (holy)
rCold   + . .      Faith    .   (no shield)
rNeg    . . .      Spirit   .   v - +0 robe of Egalitarianism {Archmagi}
rPois   +          Reflect  .   (no helmet)
rElec   +          Harm     .   n - +0 cloak
rCorr   +          Rampage  .   E - +0 pair of gloves
Will    .....      Archmagi +   (no boots)
Stlth   +++.......              (no amulet)
HPRegen 0.22/turn               i - ring of protection from fire
MPRegen 0.17/turn               o - +4 ring of protection

@: lethally poisoned (0 -> -27), resistant, afraid, hasted, very quick
A: fangs 1, strong nose, distributed training, wild magic 1
a: Renounce Religion


You were on level 8 of the Dungeon.
You worshipped Vehumet.
Vehumet was aware of your devotion.
You visited 2 branches of the dungeon, and saw 9 of its levels.
You also visited: Ossuary.

You collected 693 gold pieces.
You spent 180 gold pieces at shops.

Inventory:

Hand Weapons
 a - a +3 dire flail of protection
 c - a +4 halberd of freezing
 d - a +0 scimitar of holy wrath (weapon)
 J - a +0 morningstar
Missiles
 b - 261 stones
 h - 47 sling bullets
 s - 78 bolts
 C - 88 arrows
 D - 6 boomerangs (quivered)
Armour
 j - +0 steam dragon scales
 n - a +0 cloak (worn)
 v - the +0 robe of Egalitarianism (worn) {Archmagi}
   (You found it on level 4 of the Dungeon)

   Archmagi:  It increases the power of your magical spells.
 E - a +0 pair of gloves (worn)
 F - a +2 leather armour of positive energy
Jewellery
 f - a ring of positive energy
 i - a ring of protection from fire (left hand)
 o - a +4 ring of protection (right hand)
 G - a ring of protection from fire
Wands
 u - a wand of flame (59)
 H - a wand of iceblast (5)
Scrolls
 e - a scroll of magic mapping
 m - 3 scrolls of amnesia
 q - a scroll of fog
 w - a scroll of summoning
 y - a scroll of silence
Potions
 l - a potion of brilliance {unknown}
 p - 2 potions of haste
 t - 2 potions of flight
 x - a potion of heal wounds {unknown}
 z - 2 potions of resistance
 A - a potion of invisibility {unknown}


   Skills:
 + Level 5.3 Fighting
 + Level 5.3 Short Blades
 + Level 5.3 Long Blades
 + Level 5.3 Axes
 + Level 5.3 Maces & Flails
 + Level 5.3 Polearms
 + Level 5.3 Staves
 + Level 5.3 Slings
 + Level 5.3 Bows
 + Level 5.3 Crossbows
 + Level 5.3 Throwing
 + Level 5.3 Armour
 + Level 7.1 Dodging
 + Level 6.8 Stealth
 + Level 5.3 Shields
 + Level 5.3 Unarmed Combat
 + Level 7.3 Spellcasting
 + Level 8.4 Conjurations
 + Level 4.3 Hexes
 + Level 4.3 Summonings
 + Level 4.3 Necromancy
 + Level 4.3 Translocations
 + Level 4.3 Transmutations
 + Level 4.3 Fire Magic
 + Level 4.3 Ice Magic
 + Level 4.3 Air Magic
 + Level 4.3 Earth Magic
 + Level 4.3 Poison Magic
 + Level 5.8 Invocations
 + Level 5.3 Evocations


You had 16 spell levels left.
You knew the following spells:

 Your Spells              Type           Power      Damage    Failure   Level
a - Magic Dart            Conj           100%       1d8       1%          1
b - Flame Wave            Conj/Fire      61%        2d12      10%         4
q - Searing Ray           Conj           100%       2d8       1%          2

Your spell library contained the following spells:

 Spells                   Type           Power      Damage    Failure   Level
 Freeze                   Ice            100%       1d11      2%          1
 Foxfire                  Conj/Fire      100%       2x1d9     1%          1
 Conjure Flame            Conj/Fire      61%        6-21      3%          3
 Dazzling Flash           Conj/Hex       100%       N/A       3%          3
 Gell's Gravitas          Tloc           50%        N/A       7%          3
 Inner Flame              Hex/Fire       50%        N/A       7%          3
 Lesser Beckoning         Tloc           50%        N/A       7%          3
 Summon Guardian Golem    Hex/Summ       50%        N/A       7%          3
 Teleport Other           Tloc           50%        N/A       7%          3
 Tukima's Dance           Hex            50%        N/A       7%          3
 Fulminant Prism          Conj/Hex       30%        3d16      10%         4
 Iskenderun's Mystic Bla  Conj/Tloc      61%        2d13      10%         4
 Passage of Golubria      Tloc           50%        N/A       21%         4
 Yara's Violent Unravell  Hex/Tmut       25%        3d11      45%         5
 Dispersal                Tloc           25%        N/A       95%         6
 Orb of Destruction       Conj           35%        9d10      95%         7
 Spellforged Servitor     Conj/Summ      30%        N/A       99%         7


Dungeon Overview and Level Annotations

Branches:
Dungeon (8/15)             Temple (1/1) D:6            Lair (0/6) D:8
Ossuary (visited)

Altars:
Ashenzari
Cheibriados
Dithmenos
Elyvilon
Fedhas
Gozag
Hepliaklqana
Kikubaaqudgha
Makhleb
Nemelex Xobeh
Okawaru
Qazlal
Ru
Sif Muna
Trog
Uskayaw
Vehumet
Wu Jian
Xom
Yredelemnul
Zin
The Shining One

Shops:
D:1 *   D:6 =*

Annotations:
D:8 3 runed translucent doors, Tayschli's ghost, novice DECj; WindUpCitrus's ghost, journeyman DjFE


Innate Abilities, Weirdness & Mutations

You have very sharp teeth.
Your uncanny sense of smell can sniff out nearby items.
Your experience applies equally to all skills.
Your spells are a little harder to cast, but a little more powerful.


Message History

WindUpCitrus's ghost says, "You will be nailed to the ground forevermore."
WindUpCitrus's ghost hits you but does no damage.
You are more poisoned.
The iron imp barely misses you.
The searing ray hits WindUpCitrus's ghost.
WindUpCitrus's ghost is severely damaged.
You feel very sick.
WindUpCitrus's ghost mumbles some strange words.
The iron imp barely misses you.
The searing ray hits WindUpCitrus's ghost!
WindUpCitrus's ghost is almost destroyed.
You finish channelling your searing ray.
You feel very sick.
WindUpCitrus's ghost hits you but does no damage.
You are more poisoned.
The quokka bites you but does no damage.
You feel yourself speed up.
You feel very sick. The iron imp hits you.
* * * LOW HITPOINT WARNING * * *
WindUpCitrus's ghost hits you but does no damage.
You are lethally poisoned!
The quokka misses you.
You attempt to attack WindUpCitrus's ghost, but flinch away in fear!
* * * LOW HITPOINT WARNING * * *
You feel very sick. The quokka completely misses you. The iron imp hits you!
* * * LOW HITPOINT WARNING * * *
WindUpCitrus's ghost hits you but does no damage.
You are more poisoned.
It was a potion of resistance.
You feel protected.
* * * LOW HITPOINT WARNING * * *
You feel very sick. The quokka barely misses you.
It was a potion of mutation.
You feel extremely strange.
You feel less encumbered by your armour.
You feel more encumbered by your armour.
You feel less in control of your magic.
You die...

#.##.##.......# #.#
#.##..........# #.#
#.############# #.# ###
##### ### ##.##### #
##...## #.###......# #
#.._..# #..........# #
###...####..##......#
######.......##.r##......#
....##.#'''#.##.@##......#
###.##.#...#r##5W##......#
#.'..#$$)#..'..##......#
#############..##......#
#..##......# #####......#
########


You could see an iron imp (summoned), WindUpCitrus's ghost (scary) and a quokka
(summoned).

Vanquished Creatures
  An elephant (D:8)
  Maggie (D:7)
  Sigmund (D:3)
  A wyvern (D:8)
  3 steam dragons
  A basilisk (D:8)
  Edmund (D:6)
  Duvessa (D:6)
  3 orc warriors
  2 sky beasts
  2 black bears
  A necrophage (D:6)
  2 ogres
  A phantom (D:5)
  2 bullfrogs
  2 gnoll sergeants
  2 scorpions
  A water moccasin zombie (D:5)
  Dowan (D:6)
  5 wights (D:7)
  A howler monkey (D:8)
  4 centaur zombies
  A bullfrog zombie (D:3)
  4 hounds
  6 orc priests
  A gnoll shaman (D:8)
  A centaur skeleton (D:6)
  4 iguanas
  Ijyb (D:5)
  5 orc wizards
  2 hound skeletons (D:4)
  8 mummies (Ossuary)
  A howler monkey zombie (D:8)
  17 gnolls
  8 adders
  A river rat (D:6)
  A shadow imp (D:6)
  An ufetubus (D:7)
  2 adder skeletons
  3 dart slugs
  21 orcs
  7 ball pythons
  8 endoplasms
  3 giant cockroaches
  4 goblins
  5 hobgoblins
  4 jackals (D:1)
  6 quokkas
  3 bats
  4 frilled lizards
  A hobgoblin zombie (Ossuary)
  6 kobolds
  3 kobold zombies (Ossuary)
  4 orc zombies (Ossuary)
  8 rats
193 creatures vanquished.

Vanquished Creatures (collateral kills)
  A kobold brigand (D:7)
  A howler monkey (D:7)
  6 kobolds (D:7)
8 creatures vanquished.

Vanquished Creatures (others)
  2 fungi (D:8)
  A plant (D:8)
3 creatures vanquished.

Grand Total: 204 creatures vanquished

Notes
Turn   | Place    | Note
-------+----------+-------------------------------------------
     0 | D:1      | 0gre the Gnoll Conjurer began the quest for the Orb.
     0 | D:1      | Reached XP level 1. HP: 13/13 MP: 6/6
   172 | D:1      | Reached XP level 2. HP: 19/19 MP: 7/7
   175 | D:1      | Learned a level 2 spell: Searing Ray
   521 | D:1      | Found Fyotrinli's General Store.
   691 | D:1      | Reached XP level 3. HP: 25/25 MP: 6/9
   806 | D:1      | Reached skill level 5 in Spellcasting
  1173 | D:1      | Bought a scroll of identify for 20 gold pieces
  1204 | D:2      | Reached skill level 1 in Invocations
  1362 | D:2      | Reached skill level 1 in Fighting
  1362 | D:2      | Reached skill level 1 in Short Blades
  1362 | D:2      | Reached skill level 1 in Long Blades
  1362 | D:2      | Reached skill level 1 in Axes
  1362 | D:2      | Reached skill level 1 in Maces & Flails
  1362 | D:2      | Reached skill level 1 in Polearms
  1362 | D:2      | Reached skill level 1 in Staves
  1362 | D:2      | Reached skill level 1 in Slings
  1362 | D:2      | Reached skill level 1 in Bows
  1362 | D:2      | Reached skill level 1 in Crossbows
  1362 | D:2      | Reached skill level 1 in Throwing
  1362 | D:2      | Reached skill level 1 in Armour
  1362 | D:2      | Reached skill level 1 in Shields
  1362 | D:2      | Reached skill level 1 in Unarmed Combat
  1362 | D:2      | Reached skill level 1 in Evocations
  1432 | D:2      | Reached XP level 4. HP: 32/32 MP: 9/11
  1738 | D:2      | Reached skill level 1 in Hexes
  1738 | D:2      | Reached skill level 1 in Summonings
  1738 | D:2      | Reached skill level 1 in Necromancy
  1738 | D:2      | Reached skill level 1 in Translocations
  1738 | D:2      | Reached skill level 1 in Transmutations
  1738 | D:2      | Reached skill level 1 in Fire Magic
  1738 | D:2      | Reached skill level 1 in Ice Magic
  1738 | D:2      | Reached skill level 1 in Air Magic
  1738 | D:2      | Reached skill level 1 in Earth Magic
  1738 | D:2      | Reached skill level 1 in Poison Magic
  2379 | D:3      | Reached XP level 5. HP: 35/37 MP: 8/12
  2691 | D:3      | Noticed Sigmund
  2700 | D:3      | Killed Sigmund
  2701 | D:3      | Reached skill level 5 in Dodging
  2701 | D:3      | Reached XP level 6. HP: 42/44 MP: 8/14
  3461 | D:4      | Identified the +0 robe of Egalitarianism {Archmagi}
  3599 | D:4      | Found a sand-covered staircase.
  3606 | Ossuary  | Entered an ossuary
  3628 | Ossuary  | Reached XP level 7. HP: 50/50 MP: 9/15
  4467 | D:5      | Entered Level 5 of the Dungeon
  4468 | D:5      | Noticed Ijyb
  4499 | D:5      | Killed Ijyb
  4571 | D:5      | Reached skill level 5 in Stealth
  4946 | D:5      | Reached XP level 8. HP: 36/57 MP: 10/16
  5718 | D:5      | Learned a level 4 spell: Flame Wave
  5898 | D:6      | Found Alysuicoa's General Store.
  6022 | D:6      | Found Cuepnemp's Jewellery Emporium.
  6148 | D:1      | Bought a +2 leather armour of positive energy for 160 gold
                  | pieces
  6804 | D:6      | Found a staircase to the Ecumenical Temple.
  6832 | Temple   | Entered the Ecumenical Temple
  7101 | Temple   | Became a worshipper of Vehumet
  7179 | D:6      | Noticed Dowan
  7181 | D:6      | Noticed Duvessa
  7191 | D:6      | Killed Duvessa
  7192 | D:6      | Reached XP level 9. HP: 44/65 MP: 6/18
  7193 | D:6      | Killed Dowan
  7529 | D:6      | Noticed Edmund
  7879 | D:6      | Killed Edmund
  8042 | D:6      | Reached skill level 8 in Conjurations
  8625 | D:7      | Reached * piety under Vehumet
  8625 | D:7      | Offered knowledge of Freeze by Vehumet.
  8726 | D:7      | Reached skill level 5 in Invocations
  8779 | D:7      | Noticed Maggie
  8794 | D:7      | Killed Maggie
  9162 | D:7      | Reached XP level 10. HP: 38/72 MP: 13/20
  9553 | D:8      | Noticed an elephant
  9557 | D:8      | Reached skill level 5 in Fighting
  9557 | D:8      | Reached skill level 5 in Short Blades
  9557 | D:8      | Reached skill level 5 in Long Blades
  9557 | D:8      | Reached skill level 5 in Axes
  9557 | D:8      | Reached skill level 5 in Maces & Flails
  9557 | D:8      | Reached skill level 5 in Polearms
  9557 | D:8      | Reached skill level 5 in Staves
  9557 | D:8      | Reached skill level 5 in Slings
  9557 | D:8      | Reached skill level 5 in Bows
  9557 | D:8      | Reached skill level 5 in Crossbows
  9557 | D:8      | Reached skill level 5 in Throwing
  9557 | D:8      | Reached skill level 5 in Armour
  9557 | D:8      | Reached skill level 5 in Shields
  9557 | D:8      | Reached skill level 5 in Unarmed Combat
  9557 | D:8      | Reached skill level 5 in Evocations
  9559 | D:8      | Found a runed translucent gate.
  9749 | D:8      | Found a runed translucent gate.
  9750 | D:8      | Found a runed translucent gate.
  9750 | D:8      | Noticed Tayschli's ghost (novice DECj)
  9750 | D:8      | Noticed a kobold demonologist
 10194 | D:8      | Killed an elephant
 10834 | D:8      | Found a runed translucent gate.
 10834 | D:8      | Found a runed translucent gate.
 10834 | D:8      | Found a runed translucent gate.
 10834 | D:8      | Noticed WindUpCitrus's ghost (journeyman DjFE)
 10836 | D:8      | Found a basalt altar of Yredelemnul.
 10877 | D:8      | Found a staircase to the Lair.
 11104 | D:8      | Gained mutation: Your movements are slightly less
                  | encumbered by armour. (ER -2) [potion of mutation]
 11104 | D:8      | Lost mutation: Your movements are slightly less encumbered
                  | by armour. (ER -2) [potion of mutation]
 11104 | D:8      | Gained mutation: Your spells are a little harder to cast,
                  | but a little more powerful. [potion of mutation]
 11104 | D:8      | Succumbed to WindUpCitrus's ghost's poison

Illustrated notes

Levels and vault maps discovered:
D:1:      kennysheep_arrival_seaside, layout_loops_ring, serial_shops, shop
D:2:      layout_basic, minmay_pentomino_s4
D:3:      layout_loops_ring, uniq_sigmund
D:4:      layout_basic, lightli_ossuary_entry_decrepit_ruins, kennysheep_boxes
D:5:      layout_loops_ring, uniq_ijyb
D:6:      layout_loops_ring, minmay_temple_entry_tees, serial_shops,
          nicolae_diamond_shop, cheibrodos_sewer_entry_sluice,
          minmay_shop_grid_forest, uniq_edmund, uniq_duvessa
D:7:      layout_basic, uniq_maggie
D:8:      layout_rooms, nicolae_yredelemnul_ghost_church, david_lair_generic,
          gammafunk_ghost_nasty_kobolds
Temple:   nicolae_temple_the_god_donut

Skill      XL: |  1  2  3  4  5  6  7  8  9 10 |
---------------+-------------------------------+-----
Spellcasting   | 5 6 7 |  7.3
Invocations    | 1 2 3 4 5 |  5.8
Fighting       | 1 2 3 4 5 |  5.3
Short Blades   | 1 2 3 4 5 |  5.3
Long Blades    | 1 2 3 4 5 |  5.3
Axes           | 1 2 3 4 5 |  5.3
Maces & Flails | 1 2 3 4 5 |  5.3
Polearms       | 1 2 3 4 5 |  5.3
Staves         | 1 2 3 4 5 |  5.3
Slings         | 1 2 3 4 5 |  5.3
Bows           | 1 2 3 4 5 |  5.3
Crossbows      | 1 2 3 4 5 |  5.3
Throwing       | 1 2 3 4 5 |  5.3
Armour         | 1 2 3 4 5 |  5.3
Shields        | 1 2 3 4 5 |  5.3
Unarmed Combat | 1 2 3 4 5 |  5.3
Evocations     | 1 2 3 4 5 |  5.3
Hexes          | 1 2 3 4 |  4.3
Summonings     | 1 2 3 4 |  4.3
Necromancy     | 1 2 3 4 |  4.3
Translocations | 1 2 3 4 |  4.3
Transmutations | 1 2 3 4 |  4.3
Fire Magic     | 1 2 3 4 |  4.3
Ice Magic      | 1 2 3 4 |  4.3
Air Magic      | 1 2 3 4 |  4.3
Earth Magic    | 1 2 3 4 |  4.3
Poison Magic   | 1 2 3 4 |  4.3
Dodging        | 5 6 7 |  7.1
Stealth        | 5 6 |  6.8
Conjurations   | 8 |  8.4

Action                   |  1- 3 |  4- 6 |  7- 9 | 10-12 || total
-------------------------+-------+-------+-------+-------++-------
Melee: Whip              |    37 |    10 |    30 |       ||    77
       Punch             |     2 |       |     2 |     1 ||     5
       Bite              |     3 |     4 |    16 |    11 ||    34
       Short sword       |     8 |     1 |       |       ||     9
       Flail             |       |    66 |    57 |       ||   123
       War axe           |       |       |    23 |       ||    23
       Dire flail        |       |       |    44 |    56 ||   100
       Scimitar          |       |       |     7 |    16 ||    23
 Cast: Magic Dart        |    25 |    15 |     9 |     7 ||    56
       Searing Ray       |     5 |    12 |    47 |    16 ||    80
       Flame Wave        |       |       |     3 |     4 ||     7
  Use: Scroll            |     2 |     4 |    12 |     2 ||    20
       Potion            |       |       |     1 |     6 ||     7
 Stab: Sleeping          |     3 |     7 |     6 |       ||    16
Armor: Robe              |     4 |    28 |    68 |    52 ||   152
       Leather armour    |       |       |    21 |       ||    21
Dodge: Dodged            |    39 |    65 |   144 |    80 ||   328
